Unix NetHack Version 5.0.0-0 post-release - last build May 31 2026 13:37:37 (4f47d67043fb8e84071ad9bc9740482a2de5bd5e,branch:main).

Game began 2026-05-31 13:50:24, ended 2026-05-31 14:24:34.

DiePARTEI, neutral male human Tourist

                                             --.--
          ------                             |...|                 ----------
          |.....#                            |l..|                 |....[^<.|
         #-....|#                            |...|                 |........|
         #|....|#                           #.....#                |(.......|
         #------#                           #--.--#                ------|---
         #     ##                 ###########     #                      #
         #     #                  #               ##                     #
         #   ###                  #                #                ######
         #   #---------           #                ##               #
         #   #........|           #                 #    -----------|--
        ##    |.......|           ##                #####-............|
       ##     |.......|#          #                      |............|
 ------#      |........############                      |............|
 |...@-#      |.......|#    ########                     --------------
 |.S.@|       ---------
 |..P.+
 |..!.|
 ------

DiePARTEI the Excursionist  St:10 Dx:13 Co:15 In:13 Wi:11 Ch:14  Neutral
Dlvl:5  $:277 HP:0(60) Pw:27(27) AC:3  Xp:6 T:2953 

Latest messages:
 You are now more skilled in dagger.
 You hit the wererat.
 The wererat bites!
 You avoid harm.
 You hit the wererat.
 The wererat bites!
 The garter snake misses!
 You hit the wererat.
 The wererat bites!
 The garter snake misses!
 You hit the wererat.
 The wererat bites!
 You avoid harm.
 The garter snake misses!
 You hit the wererat.
 The wererat bites!
 The garter snake bites!
 You hit the wererat.
 The wererat bites!
 You feel feverish.
 The garter snake misses!
 You hit the wererat.
 The wererat bites!
 You miss the wererat.
 The wererat bites!
 The garter snake bites!
 You hit the wererat.
 The wererat bites!
 The garter snake bites!
 You hit the wererat.
 The wererat bites!
 The garter snake bites!
 You hit the wererat.
 The wererat bites!
 The garter snake bites!
 You hit the wererat.
 The wererat just misses!
 The garter snake misses!
 You miss the wererat.
 The wererat changes into a human.
 The wererat hits!
 You hit the wererat.
 The wererat hits!
 The wererat hits!
 You die...
 Do you want your possessions identified? [ynq] (y) y
 Do you want to see your attributes? [ynq] (y) y
 Do you want an account of creatures vanquished? [ynaq] (y) y
 Do you want to see your conduct and achievements? [ynq] (y) y
 Do you want to see the dungeon overview? [ynq] (y) y

Inventory:
 Coins    ('$')
  $ - 277 gold pieces
 Weapons  (')')
  y - a +0 dagger (weapon in left hand)
 Armor    ('[')
  v - an uncursed +0 dunce cap named duncecap
  g - a cursed -1 dwarvish iron helm
  s - an uncursed +0 orcish helm (being worn)
  P - an uncursed +0 pair of kicking boots (being worn)
  L - an uncursed +1 Uruk-hai shield (being worn)
  V - an uncursed +0 oilskin cloak (being worn)
  j - an uncursed +0 Hawaiian shirt with a toucan motif (being worn)
  W - a blessed +0 leather armor (being worn)
 Comestibles  ('%')
  e - an uncursed carrot
  c - an uncursed cram ration
  d - 5 uncursed food rations
  A - an uncursed fortune cookie
 Scrolls  ('?')
  o - an uncursed scroll of confuse monster
  q - an uncursed scroll of enchant weapon
  G - an uncursed scroll of light
  i - 4 uncursed scrolls of magic mapping
 Potions  ('!')
  p - an uncursed potion of blindness
  O - a cursed potion of gain ability
  u - an uncursed potion of oil
  J - an uncursed potion of water
 Rings    ('=')
  m - a cursed ring of polymorph
 Tools    ('(')
  l - an uncursed credit card
  k - an expensive camera (0:73)
  I - a cursed oil lamp
 Gems/Stones  ('*')
  N - an uncursed chrysoberyl stone
  E - an uncursed worthless piece of black glass
  r - an uncursed worthless piece of blue glass
  B - 3 uncursed worthless pieces of orange glass
  w - an uncursed worthless piece of violet glass

DiePARTEI the Tourist's attributes:

Background:
 You were an Excursionist, a level 6 male human Tourist.
 You were neutral, on a mission for The Lady
 who was opposed by Blind Io (lawful) and Offler (chaotic).
 You were left-handed.
 You were in the Dungeons of Doom, on level 5.
 You entered the dungeon 2953 turns ago.
 There was a full moon in effect when your adventure ended.
 You had 448 experience points, 192 more were needed to attain level 7.

Basics:
 You had 0 out of 60 hit points.
 You had all 27 energy points (spell power).
 Your armor class was 3.
 Your wallet contained 277 zorkmids.
 Autopickup was off.

Final Characteristics:
 Your strength was 10 (limit:18/100).
 Your dexterity was 13 (limit:18).
 Your constitution was 15 (limit:18).
 Your intelligence was 13 (limit:18).
 Your wisdom was 11 (limit:18).
 Your charisma was 14 (limit:18).

Final Status:
 You weren't hungry.
 You were unencumbered.
 You were wielding a dagger.
 You had basic skill with dagger.

Final Attributes:
 You were piously aligned.
 You were level-drain resistant.
 You were guarded.
 You were a wererat.
 You were harmed by silver.
 You were lucky.
 You are dead.

Miscellaneous:
 You didn't encounter any bones levels.
 Total elapsed playing time was 34 minutes and 8 seconds.

Major events:
 Turn
    1: DiePARTEI the neutral male human Tourist entered the dungeon
  675: entered the Gnomish Mines
  693: attained the rank of Sightseer (level 3)
 1043: reached Mine Town
 1440: attained the rank of Excursionist (level 6)
 2953: killed by a wererat

Spells:
 Name                 Level Category     Fail Retention
 drain life             2   attack       100%  76%-100%

Skills:
 Fighting Skills
   bare handed combat [Basic]
   two weapon combat  [Unskilled]
   riding             [Unskilled]
 Weapon Skills
   dagger             [Basic]
   knife              [Unskilled]
   axe                [Unskilled]
   pick-axe           [Unskilled]
   short sword        [Unskilled]
   broadsword         [Unskilled]
   long sword         [Unskilled]
   two-handed sword   [Unskilled]
   saber              [Unskilled]
   mace               [Unskilled]
   morning star       [Unskilled]
   flail              [Unskilled]
   hammer             [Unskilled]
   quarterstaff       [Unskilled]
   polearms           [Unskilled]
   spear              [Unskilled]
   trident            [Unskilled]
   lance              [Unskilled]
   bow                [Unskilled]
   sling              [Unskilled]
   crossbow           [Unskilled]
   dart               [Basic]
   shuriken           [Unskilled]
   boomerang          [Unskilled]
   whip               [Unskilled]
   unicorn horn       [Unskilled]
 Spellcasting Skills
   divination spells  [Unskilled]
   enchantment spells [Unskilled]
   escape spells      [Unskilled]

Voluntary challenges:
 Character rerolling was not enabled.
 You never genocided any monsters.
 You never polymorphed an object.
 You never changed form.
 You used no wishes.
Achievements:
 You entered the Gnomish Mines.
 You attained the rank of Sightseer.
 You entered Minetown.
 You entered a shop.
 You entered a temple.
 You attained the rank of Excursionist.

 The Dungeons of Doom: levels 1 to 5
    Level 1:
       Many fountains.
    Level 2:
       Stairs down to The Gnomish Mines.
    Level 3:
       A general store.
    Level 4:
    Level 5: <- You were here.
       Final resting place for
          you, killed by a wererat.
 The Gnomish Mines: levels 3 to 8
    Level 3:
    Level 4:
    Level 5:
    Level 6:
       Many shops, a temple and an altar, some fountains.
    Level 7:
    Level 8:


Vanquished creatures:
  2 Uruk-hai
  a gnome leader
  3 gnomish wizards
  2 kittens
  2 dwarves
  2 kobold shamans
 an iguana
 an acid blob
  a gas spore
  3 hobbits
  a hobgoblin
  a giant rat
  a cave spider
  a brown mold
 23 gnomes
  8 jackals
  a fox
  a kobold
  3 goblins
  a sewer rat
  2 grid bugs
  3 lichens
  a kobold zombie
  7 newts
72 creatures vanquished.

No species were genocided or became extinct.

Game over:
                       ----------
                      /          \
                     /    REST    \
                    /      IN      \
                   /     PEACE      \
                  /                  \
                  |    DiePARTEI     |
                  |      277 Au      |
                  |   killed by a    |
                  |     wererat      |
                  |                  |
                  |                  |
                  |       2026       |
                 *|     *  *  *      | *
        _________)/\\_//(\/(/\)/\//\/|_)_______

Aloha DiePARTEI the Tourist...

You died in The Dungeons of Doom on dungeon level 5 with 2271 points,
and 277 pieces of gold, after 2953 moves.
You were level 6 with a maximum of 60 hit points when you died.

